 Dungeon Crawl Stone Soup version 0.29-a0-360-g8ed1089bbe (webtiles) character file.

Game seed: 17884970536011086950

6323 freelancePsychic the Spear-Bearer (level 10, -7/65 HPs)
             Began as a Demonspawn Chaos Knight on Apr 29, 2022.
             Was a Priest of Hepliaklqana.
             Killed from afar by an electric eel (8 damage)
             ... with a bolt of electricity
             ... on level 9 of the Dungeon.
             The game lasted 00:18:09 (10095 turns).

freelancePsychic the Spear-Bearer (DsCK)           Turns: 10095, Time: 00:18:09

Health: -7/65      AC: 15    Str: 15    XL:     10   Next: 64%
Magic:  10/10      EV: 10    Int: 14    God:    Hepliaklqana [***...]
Gold:   666        SH:  5    Dex: 14    Spells: 9/9 levels left

rFire   . . .      SeeInvis .   m - +0 trident
rCold   . . .      Faith    .   e - orb {light}
rNeg    . . .      Spirit   .   D - +0 swamp dragon scales
rPois   +          Reflect  +   E - +2 hood of the Assassin {Detection Stab+ Stlth++}
rElec   .          Harm     .   s - +0 cloak
rCorr   .          Rampage  .   (no gloves)
Will    .....      Clarity  +   (no boots)
Stlth   +.........              w - amulet of reflection
HPRegen 0.20/turn               t - +4 ring of slaying
MPRegen 0.12/turn               (no ring)

@: glowing, very slow
A: reduced essence, horns 2, thin metallic scales 2, powered by death 1, spiny
1, agile 1, clarity, frail 1, low MP 1, weak 1, subdued magic 1
a: Renounce Religion, Recall Ancestor, Ancestor Identity, Transference


You were on level 9 of the Dungeon.
You worshipped Hepliaklqana.
Hepliaklqana was most pleased with you.
You visited 2 branches of the dungeon, and saw 10 of its levels.
You also visited: Sewer.

You collected 731 gold pieces.
You spent 65 gold pieces at shops.

Inventory:

Hand Weapons
 m - a +0 trident (weapon)
Missiles
 p - 2 throwing nets
 C - a curare-tipped dart
Armour
 b - a +2 leather armour
 e - an orb of light (worn)
 g - a +3 scale mail
 r - an orb of wrath
 s - a +0 cloak (worn)
 D - +0 swamp dragon scales (worn)
 E - the +2 hood of the Assassin (worn) {Detection Stab+ Stlth++}
   (You acquired it on level 9 of the Dungeon)

   It allows the wearer to sense nearby creatures.
   It allows the wearer to make particularly effective stabbing attacks against
   helpless or unaware enemies with any weapon.
   Stlth:     It makes you much more stealthy.
Jewellery
 t - a +4 ring of slaying (left hand)
 w - an amulet of reflection (around neck)
Wands
 u - a wand of flame (19)
 A - a wand of acid (7)
 K - a wand of paralysis (2)
Scrolls
 d - 2 scrolls of noise
 j - a scroll of silence
 l - a scroll of fog
 n - 3 scrolls of summoning
 o - a scroll of enchant armour
 v - 2 scrolls of fear
 y - a scroll of blinking
 z - 5 scrolls of teleportation {@r4}
 B - a scroll of amnesia
 F - a scroll of vulnerability {unknown}
 H - 2 scrolls of identify {@r1}
 J - a scroll of magic mapping
 L - 2 scrolls of enchant weapon {unknown}
Potions
 a - 3 potions of brilliance
 f - 4 potions of flight
 h - 2 potions of curing {@q1}
 i - a potion of might
 k - 2 potions of ambrosia {unknown}
 q - a potion of haste {unknown}
 x - 4 potions of heal wounds {@q2}
 G - 2 potions of degeneration {unknown}
 I - a potion of invisibility {unknown}
Miscellaneous
 c - a piece from Xom's chessboard (13/15) (quivered)


   Skills:
 + Level 8.7 Fighting
 * Level 11.0 Polearms
 - Level 7.3 Armour
 - Level 0.8 Dodging
 + Level 2.3 Invocations


You had 9 spell levels left.
You didn't know any spells.
Your spell library contained the following spells:

 Spells                   Type           Power      Damage    Failure   Level
 Animate Skeleton         Necr           0%         N/A       41%         1
 Apportation              Tloc           0%         N/A       41%         1
 Slow                     Hex            0%         N/A       41%         1
 Summon Small Mammal      Summ           0%         N/A       41%         1
 Corpse Rot               Necr/Air       0%         N/A       56%         2
 Poisonous Vapours        Pois/Air       0%         N/A       56%         2
 Sublimation of Blood     Necr           0%         N/A       56%         2
 Wereblood                Tmut           0%         N/A       56%         2
 Confusing Touch          Hex            0%         N/A       80%         3
 Vampiric Draining        Necr           0%         2d6       80%         3
 Animate Dead             Necr           0%         N/A       99%         4
 Borgnjor's Vile Clutch   Necr/Erth      0%         N/A       100%        5
 Death Channel            Necr           0%         N/A       100%        6
 Summon Hydra             Summ           0%         N/A       100%        7


Dungeon Overview and Level Annotations

Branches:
Dungeon (9/15)             Temple (1/1) D:5           Sewer (visited)
   Lair: D:8-11         Orc: D:9-12

Altars:
Ashenzari
Cheibriados
Dithmenos
Elyvilon
Fedhas
Gozag
Hepliaklqana
Kikubaaqudgha
Makhleb
Nemelex Xobeh
Okawaru
Qazlal
Sif Muna
Trog
Uskayaw
Vehumet
Wu Jian
Xom
Yredelemnul
Zin
The Shining One

Shops:
D:8 *

Annotations:
D:3 1 runed translucent door, Slifar's ghost, amateur DrCA


Innate Abilities, Weirdness & Mutations

Your life essence is reduced to manifest your ancestor. (-10% HP)
You have a pair of horns on your head.
You are mostly covered in thin metallic scales. (AC +3)
You regenerate a little health from kills.
You are partially covered in sharp spines.
You are agile. (Dex +2)
You possess an exceptional clarity of mind.
You are frail. (-10% HP)
Your magical capacity is low. (-10% MP)
You are weak. (Str -2)
Your spells are a little easier to cast, but a little less powerful.


Message History

You enter the shallow water.
Moving in this stuff is going to be slow.
A bolt of electricity appears from out of your range of vision.
The bolt of electricity hits Bobby Brimstone!
You see here an electric eel corpse.
An orc wizard comes into view. It is wielding a +0 dagger.
The orc wizard shouts!
An electric eel comes into view.
The electric eel shoots out a bolt of lightning at you!
The bolt of electricity hits the plant! x2; The plant begins to die.
The bolt of electricity misses you.
A nearby plant withers and dies.
An electric eel comes into view.
An orc comes into view.
It is wielding a +0 falchion and quivering boomerangs of dispersal.
The orc shouts!
The electric eel shoots out a bolt of lightning at you!
The bolt of electricity hits the plant!
The bolt of electricity hits you!
The bolt of electricity hits the plant!
The plant begins to die.
The electric eel shoots out a bolt of lightning at you!
The bolt of electricity hits you!
You are too injured to fight recklessly!
A nearby plant withers and dies.
The electric eel shoots out a bolt of lightning at you!
The bolt of electricity hits you!
Bobby Brimstone casts a spell at the electric eel.
The electric eel resists with significant effort.
The electric eel shoots out a bolt of lightning at you!
The bolt of electricity hits you!
* * * LOW HITPOINT WARNING * * *
The bolt of electricity hits the plant.
The electric eel shoots out a bolt of lightning at you!
The bolt of electricity hits you!
* * * LOW HITPOINT WARNING * * *
The electric eel shoots out a bolt of lightning at you!
The bolt of electricity hits you!
* * * LOW HITPOINT WARNING * * *
The electric eel shoots out a bolt of lightning at you!
The bolt of electricity hits the electric eel.
The electric eel completely resists.
The bolt of electricity hits you!
You die...

≈≈≈≈≈≈ #.
≈≈≈≈≈≈♣ #....##
≈≈≈≈≈≈≈♣#.....
≈≈≈PP♣≈≈P....#
≈≈≈oPP≈≈≈♣...#
≈≈≈≈≈≈≈≈♣♣...#
≈≈≈≈≈P≈P≈♣...#
≈≈≈≈≈≈≈o≈♣...#
≈≈≈≈≈≈≈≈≈♣@..#
≈≈≈≈≈≈≈≈≈S♣.##
≈≈≈≈≈≈≈≈P≈♣.##
≈≈≈≈S≈≈≈PR♣..#
≈≈≈≈≈≈≈≈♣♣≈#.#
≈≈≈≈≈≈≈≈≈♣R.'##
≈≈≈≈≈≈≈≈≈≈♣...#
##+###
≈≈≈≈≈≈≈≈♣♣...#
#.....
≈≈≈≈≈≈≈≈≈♣...#
#.....


You could see the friendly Bobby Brimstone the hexer and 2 electric eels.

Vanquished Creatures
  A two-headed ogre (D:8)
  Pikel (D:7)
  Maggie (D:7)
  Prince Ribbit (D:7)
  Grinder (D:4)
  A hornet (D:9)
  Eustachio (D:6)
  A wyvern (D:7)
  A steam dragon (D:7)
  A water moccasin (D:9)
  Duvessa (D:6)
  2 orc warriors
  A black bear (D:8)
  3 ice beasts
  3 centaurs
  2 ogres (D:6)
  A phantom (D:4)
  3 kobold brigands
  4 bullfrogs
  2 necrophages
  4 scorpions
  4 wights (D:8)
  Dowan (D:6)
  6 killer bees (D:9)
  An electric eel (D:9)
  A howler monkey (D:7)
  A bullfrog zombie (D:6)
  2 jellies (D:6)
  2 orc priests
  4 hounds
  2 iguanas (D:5)
  12 orc wizards
  10 gnolls
  A howler monkey zombie (D:6)
  9 adders
  5 river rats
  2 white imps
  An ufetubus (D:6)
  2 worms
  2 dart slugs
  26 orcs
  3 bats
  12 endoplasms
  2 giant cockroaches
  13 goblins
  19 hobgoblins
  5 jackals
  19 kobolds
  2 quokkas
  6 ball pythons
  4 frilled lizards
  12 rats
227 creatures vanquished.

Vanquished Creatures (collateral kills)
  A steam dragon (D:7)
  A kobold brigand (D:6)
  A gnoll sergeant (D:6)
  An orc wizard (D:6)
  A gnoll (D:6)
  An orc (D:9)
  A hobgoblin (D:6)
  2 kobolds
  2 rats (Sewer)
11 creatures vanquished.

Vanquished Creatures (others)
  3 ancestors
  14 plants
17 creatures vanquished.

Grand Total: 255 creatures vanquished

Notes
Turn   | Place    | Note
-------+----------+-------------------------------------------
     0 | D:1      | freelancePsychic the Demonspawn Chaos Knight began the
                  | quest for the Orb.
     0 | D:1      | Reached XP level 1. HP: 18/18 MP: 1/1
   193 | D:1      | XOM: silly message
   263 | D:1      | Reached skill level 3 in Polearms
   452 | D:1      | Gained mutation: You are partially covered in sharp spines.
                  | [demonic ancestry]
   452 | D:1      | Reached XP level 2. HP: 22/24 MP: 2/2
   696 | D:1      | XOM: god gift: shiny scale mail {god gift}
  1176 | D:1      | Gained mutation: You are partially covered in thin metallic
                  | scales. (AC +2) [demonic ancestry]
  1176 | D:1      | Reached XP level 3. HP: 29/29 MP: 3/3
  1649 | D:2      | XOM: draining
  1719 | D:2      | Identified the +3 dagger of Leud {vorpal, rElec rC- Will+
                  | Int+4}
  1825 | D:2      | Gained mutation: You are mostly covered in thin metallic
                  | scales. (AC +3) [demonic ancestry]
  1825 | D:2      | Reached XP level 4. HP: 23/36 MP: 4/4
  1967 | D:2      | Reached skill level 4 in Polearms
  2130 | D:3      | Gained mutation: You have a pair of small horns on your
                  | head. [demonic ancestry]
  2130 | D:3      | Reached XP level 5. HP: 42/42 MP: 5/5
  2267 | D:3      | XOM: 2-stop teleportation journey
  2373 | D:3      | XOM: silly message
  2567 | D:3      | Found a hide-covered altar of Uskayaw.
  2743 | D:3      | Noticed Slifar's ghost (amateur DrCA)
  2746 | D:3      | Found a runed translucent door.
  2897 | D:3      | XOM: 4-stop teleportation journey
  2952 | D:3      | XOM: summons 3 hostile shadow creatures
  3146 | D:3      | XOM: stat loss: -1 Int (15/16)
  3285 | D:4      | Noticed a phantom
  3292 | D:4      | Killed a phantom
  3293 | D:4      | Reached skill level 5 in Polearms
  3293 | D:4      | Gained mutation: You regenerate a little health from kills.
                  | [demonic ancestry]
  3293 | D:4      | Reached XP level 6. HP: 44/49 MP: 6/6
  3516 | D:4      | XOM: give mutations
  3516 | D:4      | Gained mutation: You have a pair of horns on your head.
                  | [Xom's grace]
  3516 | D:4      | Gained mutation: You have very sharp teeth. [Xom's grace]
  3516 | D:4      | Gained mutation: You have a pair of large horns on your
                  | head. [Xom's grace]
  3516 | D:4      | Gained mutation: You have an increased reservoir of magic.
                  | (+10% MP) [Xom's grace]
  3776 | D:4      | Noticed Grinder
  4020 | D:4      | XOM: confuse monster(s)
  4190 | D:4      | Noticed an ice beast
  4190 | D:4      | Noticed an orc warrior
  4207 | D:3      | Killed an ice beast
  4208 | D:3      | Reached XP level 7. HP: 44/55 MP: 7/7
  4266 | D:4      | XOM: silly message
  4268 | D:4      | Reached skill level 5 in Fighting
  4268 | D:4      | Reached skill level 6 in Polearms
  4399 | D:4      | XOM: enchant monster (bad)
  4400 | D:4      | Paralysed by Grinder for 3 turns
  4404 | D:5      | Entered Level 5 of the Dungeon
  4535 | D:4      | XOM: 6-stop teleportation journey
  4641 | D:4      | XOM: noise
  4648 | D:4      | Killed Grinder
  4649 | D:4      | Reached XP level 8. HP: 46/63 MP: 8/8
  4768 | D:5      | Found a staircase to the Ecumenical Temple.
  4775 | Temple   | Entered the Ecumenical Temple
  5063 | Temple   | XOM is BORED!
  5081 | Temple   | Fell from the grace of Xom
  5081 | Temple   | Became a worshipper of Hepliaklqana the Forgotten
  5226 | D:5      | Found a stormy altar of Qazlal.
  5235 | D:5      | XOM: polymorph adder -> iguana
  5241 | D:5      | Reached skill level 7 in Polearms
  5457 | D:5      | XOM: give mutations
  5457 | D:5      | Lost mutation: You have very sharp teeth. [Xom's mischief]
  5457 | D:5      | Gained mutation: You are clumsy. (Dex -2) [Xom's mischief]
  5457 | D:5      | Gained mutation: You are weak. (Str -2) [Xom's mischief]
  5490 | D:5      | XOM: summons 14 hostile demons
  5586 | D:5      | XOM: summons 3 hostile demons
  5637 | D:5      | Found a snail-covered altar of Cheibriados.
  5798 | D:5      | XOM: give mutations
  5798 | D:5      | Gained mutation: You are very weak. (Str -4) [Xom's
                  | mischief]
  5798 | D:5      | Lost mutation: You have an increased reservoir of magic.
                  | (+10% MP) [Xom's mischief]
  5798 | D:5      | Gained mutation: You sometimes lose the ability to read
                  | scrolls when taking damage. [Xom's mischief]
  5798 | D:5      | Gained mutation: You are very clumsy. (Dex -4) [Xom's
                  | mischief]
  5817 | D:6      | Noticed Duvessa
  5817 | D:6      | Noticed Dowan
  5827 | D:6      | Killed Duvessa
  5832 | D:6      | Killed Dowan
  5855 | D:6      | Noticed Eustachio
  5864 | D:6      | Killed Eustachio
  5865 | D:6      | Reached skill level 5 in Armour
  6042 | D:6      | Reached * piety under Hepliaklqana
  6129 | D:6      | Reached skill level 8 in Polearms
  6195 | D:6      | Found a shimmering blue altar of Sif Muna.
  6275 | D:6      | Reached XP level 9. HP: 63/63 MP: 9/9
  6341 | D:6      | Found a glowing drain.
  6354 | Sewer    | Entered a sewer
  6624 | D:6      | Found a basalt altar of Yredelemnul.
  7189 | D:6      | Reached skill level 9 in Polearms
  7500 | D:6      | XOM: summons 3 hostile shadow creatures
  7701 | D:6      | XOM: give mutations
  7701 | D:6      | Gained mutation: You occasionally shout uncontrollably at
                  | your foes. [Xom's mischief]
  7701 | D:6      | Gained mutation: Armour fits poorly on your strangely
                  | shaped body. [Xom's mischief]
  7779 | D:7      | Lost mutation: You are very weak. (Str -4) [potion of
                  | mutation]
  7779 | D:7      | Lost mutation: You occasionally shout uncontrollably at
                  | your foes. [potion of mutation]
  7779 | D:7      | Lost mutation: You are very clumsy. (Dex -4) [potion of
                  | mutation]
  7779 | D:7      | Lost mutation: Armour fits poorly on your strangely shaped
                  | body. [potion of mutation]
  7900 | D:7      | Noticed Maggie
  7915 | D:7      | Killed Maggie
  7964 | D:7      | Reached ** piety under Hepliaklqana
  7965 | D:7      | Remembered your ancestor Bobby Brimstone as a hexer
  7993 | D:7      | HP: 2/64 [wyvern (11)]
  8266 | D:7      | Noticed Prince Ribbit
  8271 | D:7      | Killed Prince Ribbit
  8377 | D:7      | Reached XP level 10. HP: 64/72 MP: 10/10
  8456 | D:7      | Noticed Pikel
  8475 | D:7      | Killed Pikel
  8476 | D:7      | Reached skill level 10 in Polearms
  8748 | D:8      | Found Qicog's General Store.
  8757 | D:8      | Bought a potion of heal wounds for 65 gold pieces
  8912 | D:8      | XOM: noise
  8930 | D:8      | Noticed a two-headed ogre
  8941 | D:8      | Killed a two-headed ogre
  9003 | D:8      | Found a bloodstained altar of Trog.
  9056 | D:8      | XOM: give mutations
  9056 | D:8      | Gained mutation: You are frail. (-10% HP) [Xom's mischief]
  9056 | D:8      | Gained mutation: You are very frail. (-20% HP) [Xom's
                  | mischief]
  9056 | D:8      | Lost mutation: You are clumsy. (Dex -2) [Xom's mischief]
  9056 | D:8      | Gained mutation: Your body sometimes deteriorates upon
                  | taking damage. [Xom's mischief]
  9057 | D:8      | Lost mutation: Your body sometimes deteriorates upon taking
                  | damage. [potion of mutation]
  9057 | D:8      | Lost mutation: You sometimes lose the ability to read
                  | scrolls when taking damage. [potion of mutation]
  9057 | D:8      | Gained mutation: Your spells are a little easier to cast,
                  | but a little less powerful. [potion of mutation]
  9057 | D:8      | Gained mutation: Armour fits poorly on your strangely
                  | shaped body. [potion of mutation]
  9057 | D:8      | Gained mutation: You occasionally shout uncontrollably at
                  | your foes. [potion of mutation]
  9057 | D:8      | Gained mutation: You possess an exceptional clarity of
                  | mind. [potion of mutation]
  9072 | D:8      | XOM: give mutations
  9072 | D:8      | Lost mutation: You have a pair of large horns on your head.
                  | [Xom's mischief]
  9072 | D:8      | Lost mutation: You occasionally shout uncontrollably at
                  | your foes. [Xom's mischief]
  9285 | D:8      | Reached *** piety under Hepliaklqana
  9454 | D:8      | XOM: noise
  9593 | D:9      | XOM: noise
  9604 | D:9      | Reached skill level 1 in Invocations
  9812 | D:9      | Found a blossoming altar of Fedhas.
  9847 | D:9      | Lost mutation: Armour fits poorly on your strangely shaped
                  | body. [potion of mutation]
  9847 | D:9      | Lost mutation: You are very frail. (-20% HP) [potion of
                  | mutation]
  9847 | D:9      | Gained mutation: Your magical capacity is low. (-10% MP)
                  | [potion of mutation]
  9847 | D:9      | Gained mutation: You are agile. (Dex +2) [potion of
                  | mutation]
  9896 | D:9      | XOM: 1-stop teleportation journey
  9962 | D:9      | XOM: 2-stop teleportation journey
  9971 | D:9      | Reached skill level 11 in Polearms
  9983 | D:9      | Identified a scroll of acquirement
  9984 | D:9      | Acquired the +2 hood of the Assassin {Detection Stab+
                  | Stlth++}
  9984 | D:9      | Found the +2 hood of the Assassin {Detection Stab+ Stlth++}
 10095 | D:9      | HP: 1/65 [electric eel/bolt of electricity (9)]
 10095 | D:9      | Killed from afar by an electric eel

Illustrated notes

Levels and vault maps discovered:
D:1:      minmay_arrival_four_houses, layout_basic, patterned_corridor
D:2:      layout_basic
D:3:      layout_basic, amcnicky_altar_gilded, hellmonk_ghost_happy_afterlife,
          minmay_misc_feat_enclosed, grunt_ministairs_2,
          minmay_randomly_rotated_circles
D:4:      minmay_chambers_of_threes, layout_basic,
          chequers_serial_rivers_small_a, uniq_grinder
D:5:      layout_rooms, old_standard_altar, mainiacjoe_overflow_24_doors,
          minmay_temple_entry_mist, sigmund_army
D:6:      kennysheep_housing_project, layout_basic,
          lemuel_zombie_altar_yredelemnul, mainiacjoe_overflow_catwalk,
          portal_sewer_entry_b, uniq_duvessa, uniq_eustachio
D:7:      layout_rooms, uniq_prince_ribbit1, uniq_pikel, uniq_maggie
D:8:      layout_basic, trog_hazing_becter, serial_shops, nicolae_shop_stone,
          mrwooster_statue_mirror
D:9:      layout_roguey, hangedman_ru_absence,
          mainiacjoe_overflow_cross_hatched, serial_bayou_lake_a
Temple:   minmay_temple_curvy_branch

Skill      XL: |  1  2  3  4  5  6  7  8  9 10 |
---------------+-------------------------------+-----
Polearms       | 3 4 5 6 8 9 11 | 11.0
Armour         | 2 3 4 5 6 7 |  7.3
Fighting       | 4 5 6 7 8 |  8.7
Invocations    | 2 |  2.3
Dodging        | |  0.8

Action                   |  1- 3 |  4- 6 |  7- 9 | 10-12 || total
-------------------------+-------+-------+-------+-------++-------
Melee: Spear             |    88 |   147 |   315 |    66 ||   616
       Headbutt          |       |    24 |    56 |    21 ||   101
       Bite              |       |     4 |     6 |       ||    10
       Trident           |       |       |       |    36 ||    36
Invok: Ancestor Life: He |       |       |     1 |       ||     1
       Ancestor Identity |       |       |     1 |       ||     1
       Recall Ancestor   |       |       |       |     2 ||     2
Evoke: Piece from Xom's  |     3 |       |     6 |     2 ||    11
  Use: Scroll            |       |     3 |     8 |     6 ||    17
       Potion            |       |       |     7 |     2 ||     9
 Stab: Confused          |       |     1 |       |     8 ||     9
       Petrified         |       |       |       |    12 ||    12
       Distracted        |       |       |       |     2 ||     2
Armor: Leather armour    |     2 |       |       |       ||     2
       Scale mail        |    13 |    42 |    54 |       ||   109
       Swamp dragon scal |       |       |     8 |    22 ||    30
Dodge: Dodged            |    16 |    16 |    70 |    30 ||   132
Block: Orb               |       |       |    15 |    19 ||    34
       Reflection        |       |       |     1 |     5 ||     6

Table legend: (Time is in decaauts)
 A = Elapsed time spent in this place.
 B = Non-inter-level travel time spent in this place.
 C = Inter-level travel time spent in this place.
 D = Time resting spent in this place.
 E = Time spent auto-exploring this place.
 F = Levels seen in this place.
 G = Mean time per level.
                   A        B        C        D        E       F      G
               +--------+--------+--------+--------+--------+-----+--------+
         Total |  10018 |   9401 |    617 |    146 |   7811 |  11 |  910.7 |
       Dungeon |   9410 |   8870 |    540 |    146 |   7429 |   9 | 1045.6 |
        Temple |    382 |    305 |     77 |      0 |    243 |   1 |  382.0 |
         Sewer |    225 |    225 |      0 |      0 |    138 |   1 |  225.0 |
               +--------+--------+--------+--------+--------+-----+--------+

Top non-repeatable levels by time:
     D:6: 1552 daAuts
     D:4: 1413 daAuts
     D:1: 1376 daAuts
     D:3: 1196 daAuts
     D:8: 940 daAuts
     D:7: 901 daAuts
     D:5: 803 daAuts
     D:2: 726 daAuts
     D:9: 500 daAuts
  Temple: 382 daAuts
   Sewer: 225 daAuts
